 Dungeon Crawl Stone Soup version 0.23.2-33-g5129a83184 (webtiles) character file.

Game seed: 8967579879219572415

4993 H0rd4k the Thaumaturge (level 10, -3/52 HPs)
             Began as a Deep Elf Wizard on June 28, 2019.
             Was a Believer of Sif Muna.
             Slain by a fire bat (7 damage)
             ... on level 1 of the Lair of Beasts.
             The game lasted 00:27:51 (9782 turns).

H0rd4k the Thaumaturge (Deep Elf Wizard)            Turns: 9782, Time: 00:27:51

Health: -3/52      AC:  2    Str:  4    XL:     10   Next: 29%
Magic:  27/29      EV: 14    Int: 27    God:    Sif Muna [**....]
Gold:   270        SH:  0    Dex: 13    Spells: 26/35 levels left

rFire    . . .     SeeInvis +   h - +3 dagger (venom)
rCold    . . .     Gourm    .   (no shield)
rNeg     . . .     Faith    .   a - +0 robe
rPois    .         Spirit   .   b - +0 hat
rElec    .         Reflect  .   B - scarf {cloud immunity}
rCorr    .         Harm     .   (no gloves)
MR       ++...                  (no boots)
Stlth    +++.......             x - amulet of regeneration
HPRegen  0.57/turn              H - ring of protection from magic
MPRegen  0.21/turn              A - ring of see invisible

@: no status effects
A: no striking features
a: Divine Energy, Renounce Religion


You were on level 1 of the Lair of Beasts.
You worshipped Sif Muna.
Sif Muna was pleased with you.
You were very hungry.

You visited 3 branches of the dungeon, and saw 12 of its levels.

You collected 405 gold pieces.
You spent 135 gold pieces at shops.

Inventory:

Hand Weapons
 h - a +3 dagger of venom (weapon)
 u - a +0 dagger of venom
 D - a +2 dagger of protection
Missiles
 s - 8 javelins of returning (quivered)
Armour
 a - a +0 robe (worn)
 b - a +0 hat (worn)
 j - a +0 robe
 B - a scarf of cloud immunity (worn)
Jewellery
 f - an uncursed ring of resist corrosion
 x - an amulet of regeneration (around neck)
 z - an uncursed ring of protection from fire
 A - a ring of see invisible (right hand)
 H - a ring of protection from magic (left hand)
 N - an uncursed ring of ice {unknown}
Wands
 y - a wand of paralysis (2)
 F - a wand of digging (6)
 K - a wand of iceblast (5)
 M - a wand of enslavement (10)
Scrolls
 c - 4 scrolls of remove curse {unknown}
 e - 3 scrolls of amnesia {unknown}
 g - 7 scrolls of identify {unknown}
 k - 2 scrolls of fear {unknown}
 l - 2 scrolls of blinking {unknown}
 m - 3 scrolls of teleportation
 n - a scroll of immolation {unknown}
 r - a scroll of magic mapping {unknown}
 t - a scroll of enchant armour {unknown}
 C - 3 scrolls of random uselessness {unknown}
Potions
 i - 2 potions of cancellation {unknown}
 o - 3 potions of curing {unknown}
 p - a potion of haste {unknown}
 q - 4 potions of flight {unknown}
 v - 2 potions of degeneration {unknown}
 w - a potion of heal wounds
 E - a potion of ambrosia {unknown}
 G - a potion of magic {unknown}
 I - a potion of might {unknown}
 J - a potion of lignification {unknown}
Comestibles
 d - 14 rations


   Skills:
 + Level 1.2 Fighting
 + Level 0.2 Short Blades
 + Level 4.0 Dodging
 + Level 4.2 Stealth
 + Level 13.3 Spellcasting
 + Level 9.1 Conjurations
   Level 1.1 Summonings
 + Level 1.7 Translocations
 - Level 6.8 Fire Magic
 + Level 0.5 Evocations


You had 26 spell levels left.
You knew the following spells:

 Your Spells              Type           Power        Failure   Level  Hunger
a - Magic Dart            Conj           ####         1%          1    None
b - Blink                 Tloc           N/A          2%          2    None
c - Conjure Flame         Conj/Fire      ######..     1%          3    None
d - Spectral Weapon       Hex/Chrm       ###.....     9%          3    None

Your spell library contained the following spells:

 Spells                   Type           Power        Failure   Level  Hunger
 Mephitic Cloud           Conj/Pois/Air  ####....     2%          3    None
 Infusion                 Chrm           ###.         3%          1    None
 Call Imp                 Summ           ###.....     3%          2    None
 Shroud of Golubria       Chrm/Tloc      ###.......   3%          2    None
 Slow                     Hex            ###.....     4%          2    None
 Song of Slaying          Chrm           ###.....     4%          2    None
 Regeneration             Chrm/Necr      ###.......   9%          3    None


Dungeon Overview and Level Annotations

Branches:
Dungeon (9/15)             Temple (1/1) D:7            Lair (2/6) D:8
  Swamp: Lair:2-4    Shoals: Lair:2-4     Snake: Lair:2-4    Spider: Lair:2-4
    Orc: D:9-12

Altars:
Ashenzari
Cheibriados
Dithmenos
Elyvilon
Fedhas
Gozag
Hepliaklqana
Kikubaaqudgha
Makhleb
Nemelex Xobeh
Okawaru
Qazlal
Ru
Sif Muna
Trog
Uskayaw
Vehumet
Wu Jian
Xom
Yredelemnul
Zin
The Shining One

Shops:
D:4 *[=   D:5 ?   D:7 !

Annotations:
D:2 exclusion: downstairs
D:3 Ijyb, Sigmund
D:5 2 transporters, exclusion: downstairs
D:6 exclusion: downstairs
D:7 exclusion: downstairs
D:9 exclusion: upstairs, Erolcha
Lair:1 exclusion: downstairs


Message History

You climb upwards.
Level annotation: exclusion: downstairs
There is a stone staircase leading down here.
Casting: Magic Dart (safe; 1% risk of failure)
Confirm with . or Enter, or press ? or * to list all spells.
You blink.
The fire bat bites you.
* * * LOW HITPOINT WARNING * * *
You are engulfed in flames!
* * * LOW HITPOINT WARNING * * *
You feel much better. The fire bat barely misses you.
The fire bat bites you but does no damage.
The fire bat bites you.
* * * LOW HITPOINT WARNING * * *
You are engulfed in flames.
* * * LOW HITPOINT WARNING * * *
The fire bat bites you.
* * * LOW HITPOINT WARNING * * *
You are engulfed in flames!
You die...

..##P...#.#..#.............##....
..###...###..#.........#....#....
..####.## #............#...###.##
..##P#'####..#.........#...##.#..
...........ยง..##.#..####.........
.............l.........[.........
.................................
...............bb................
.P#####.##.....b@................
.##P##.###.....###.####...#####.#
...............#......#...#####.#
.#......##............#...##.....
.##..(..##.....#......#...##.....
........##............#....#.....
..#............#...........#.....
.##.....##.....######.P...##.....
.#..######................####.##


You could see a komodo dragon and 3 fire bats.

Vanquished Creatures
  Joseph (Lair:1)
  5 yaks (D:8)
  2 basilisks
  A hungry ghost (D:7)
  Menkaure (D:4)
  A water moccasin (Lair:1)
  Duvessa (D:6)
  4 porcupines
  2 orc warriors (D:7)
  A black bear (D:6)
  3 sky beasts
  A necrophage (D:7)
  3 ogres
  2 centaurs
  A big kobold (D:7)
  A crocodile (D:8)
  2 bullfrogs
  2 scorpions
  Dowan (D:6)
  A vampire bat (D:6)
  4 wights (D:8)
  5 crimson imps
  A centaur zombie (D:7)
  3 hounds
  A bullfrog skeleton (D:5)
  2 orc priests
  6 orc wizards
  Natasha (thrice) (D:2)
  2 iguanas (D:7)
  6 worker ants
  A hound skeleton (D:5)
  11 adders
  10 gnolls
  4 adder skeletons
  2 worms (D:2)
  5 leopard geckos
  13 orcs
  A ball python (D:2)
  10 bats
  6 giant cockroaches
  12 goblins
  6 hobgoblins
  9 jackals
  12 kobolds
  2 quokkas
  2 frilled lizards
  2 quokka skeletons
  A quokka zombie (D:5)
  4 rats
182 creatures vanquished.

Vanquished Creatures (others)
  A quokka (D:5)
  A bush (D:8)
  3 fungi (D:8)
  8 plants (D:8)
13 creatures vanquished.

Grand Total: 195 creatures vanquished

Notes
Turn   | Place    | Note
-------+----------+-------------------------------------------
     0 | D:1      | H0rd4k the Deep Elf Wizard began the quest for the Orb.
     0 | D:1      | Reached XP level 1. HP: 10/10 MP: 7/7
   262 | D:1      | Reached skill level 5 in Spellcasting
   279 | D:1      | Reached XP level 2. HP: 15/15 MP: 3/10
   790 | D:2      | Learned a level 2 spell: Blink
   912 | D:2      | Reached XP level 3. HP: 19/19 MP: 2/12
  1021 | D:2      | Found a blossoming altar of Fedhas.
  1031 | D:2      | Noticed Natasha
  1038 | D:2      | Killed Natasha
  1038 | D:2      | Reached skill level 6 in Spellcasting
  1120 | D:2      | Noticed Natasha
  1125 | D:2      | Killed Natasha
  1125 | D:2      | Reached XP level 4. HP: 23/24 MP: 7/14
  1592 | D:2      | Reached XP level 5. HP: 28/28 MP: 10/15
  1764 | D:2      | Noticed Natasha
  1767 | D:2      | Killed Natasha
  2205 | D:3      | Learned a level 3 spell: Conjure Flame
  2281 | D:3      | Noticed Ijyb
  2282 | D:3      | Noticed Sigmund
  2435 | D:4      | Found Teuteapp's General Store.
  2444 | D:4      | Found Muxka's Jewellery Shop.
  2478 | D:4      | Reached skill level 7 in Spellcasting
  2522 | D:4      | Reached XP level 6. HP: 28/32 MP: 5/18
  2596 | D:4      | Bought a wand of paralysis (6) for 96 gold pieces
  2697 | D:4      | Found Daylegg's Armour Shop.
  2707 | D:4      | Noticed Menkaure
  2821 | D:4      | Killed Menkaure
  2821 | D:4      | Reached skill level 1 in Fire Magic
  3174 | D:5      | Entered Level 5 of the Dungeon
  3174 | D:5      | Found a transporter.
  3343 | D:5      | Reached skill level 8 in Spellcasting
  3343 | D:5      | Reached XP level 7. HP: 37/37 MP: 9/20
  3354 | D:5      | Reached skill level 5 in Conjurations
  3498 | D:5      | Found a white marble altar of Elyvilon.
  3702 | D:5      | Found a transporter.
  3714 | D:5      | Found Niadaus's Magic Scroll Shoppe.
  3717 | D:5      | Bought a scroll of teleportation for 39 gold pieces
  4185 | D:6      | Reached skill level 9 in Spellcasting
  4395 | D:6      | Reached XP level 8. HP: 42/42 MP: 7/23
  4818 | D:6      | Noticed Duvessa
  4829 | D:6      | Noticed Dowan
  5015 | D:6      | Killed Dowan
  5095 | D:6      | Killed Duvessa
  5095 | D:6      | Reached skill level 10 in Spellcasting
  5819 | D:7      | Found a staircase to the Ecumenical Temple.
  5843 | Temple   | Entered the Ecumenical Temple
  6073 | Temple   | Became a worshipper of Sif Muna the Loreminder
  6288 | D:7      | Reached skill level 11 in Spellcasting
  6288 | D:7      | Reached XP level 9. HP: 33/46 MP: 3/26
  6834 | D:7      | Reached skill level 5 in Fire Magic
  6986 | D:7      | Found Gawureuf's Distillery.
  7434 | D:8      | Reached * piety under Sif Muna
  7694 | D:8      | Reached skill level 12 in Spellcasting
  7986 | D:7      | HP: 1/46 [basilisk (12)]
  8004 | D:7      | Reached ** piety under Sif Muna
  8183 | D:8      | Reached skill level 1 in Fighting
  8189 | D:8      | Reached XP level 10. HP: 44/52 MP: 9/28
  8261 | D:8      | Found a staircase to the Lair.
  8547 | D:9      | Reached skill level 13 in Spellcasting
  8603 | D:9      | Noticed Erolcha
  9022 | Lair:1   | Entered Level 1 of the Lair of Beasts
  9165 | Lair:1   | Noticed Joseph
  9197 | Lair:1   | Killed Joseph
  9592 | Lair:1   | Learned a level 3 spell: Spectral Weapon
  9777 | Lair:2   | Noticed a salamander
  9781 | Lair:1   | HP: 2/52 [fire bat (7)]
  9782 | Lair:1   | Slain by a fire bat

Skill      XL: |  1  2  3  4  5  6  7  8  9 10 |
---------------+-------------------------------+-----
Spellcasting   | 5 6 7 8 9 11 12 13 | 13.3
Conjurations   | 2 3 4 5 7 8 9 |  9.1
Stealth        | 3 4 |  4.2
Fire Magic     | 1 3 4 6 |  6.8
Dodging        | 3 4 |  4.0
Fighting       | 1 |  1.2
Short Blades   | |  0.2
Summonings     | |  1.1
Translocations | |  1.7
Evocations     | |  0.5

Action                   |  1- 3 |  4- 6 |  7- 9 | 10-12 || total
-------------------------+-------+-------+-------+-------++-------
Melee: Dagger            |     3 |       |       |       ||     3
 Cast: Magic Dart        |    82 |   151 |   473 |    80 ||   786
       Conjure Flame     |       |     3 |    38 |     5 ||    46
       Blink             |       |       |     4 |     1 ||     5
Evoke: Wand              |       |       |     2 |     9 ||    11
  Use: Potion            |       |       |       |     1 ||     1
  Eat: Chunk             |       |     4 |    14 |     4 ||    22
       Ration            |       |     1 |       |       ||     1
Armor: Robe              |     1 |       |     8 |     1 ||    10
Dodge: Dodged            |     8 |    16 |    50 |    18 ||    92
